Map: 宿怨战场-天梯版

Players

Kelazhur

  • Race: Terran Terran

SortOf - Winner!

  • Race: Zerg Zerg

Event: WESG 2018 Grand Finals

VOD

Have the link to the VOD?

Description

Time

  • Played on: March 12, 2019, 6:44 a.m.
  • Length: 8:54

All games in this series

Show
View Real Time Build Order
Export as new Build Order

Kelazhur Terran 

Build Orders: Mech 

Get SALT Encoding   

  12  0:00  SCV  
  13  0:13  SCV  
  14  0:19  Supply Depot  
  14  0:25  SCV  
  15  0:41  SCV  
  15  0:42  Barracks  
  16  0:44  Refinery  
  16  0:53  SCV  
  17  1:00  Barracks  
  17  1:05  SCV  
  18  1:17  SCV  
  19  1:19  Barracks  
  19  1:28  Reaper  
  20  1:36  Orbital Command  
  20  1:42  Refinery  
  20  1:47  Reaper  
  21  1:54  Supply Depot  
  21  2:02  SCV  
  21  2:04  Reaper  
  23  2:12  Supply Depot  
  23  2:15  Reaper  
  23  2:17  SCV  
  25  2:26  Reaper  
  26  2:31  SCV  
  26  2:37  Reaper  
  28  2:43  SCV  
  29  2:48  Reaper  
  30  2:55  SCV  
  30  2:56  Supply Depot  
  31  2:58  Reaper  
  32  3:07  SCV  
  32  3:11  Reaper  
  34  3:14  Command Center  
  34  3:20  Reaper  
  35  3:28  SCV  
  36  3:34  Factory  
  36  3:39  Reaper  
  36  3:40  SCV  
  38  3:52  SCV  
  39  3:56  Reaper  
  39  4:02  Command Center  
  40  4:05  SCV  
  41  4:14  Marine x2  
  44  4:17  SCV  
  44  4:23  Starport  
  44  4:24  Factory Tech Lab  
  44  4:28  Marine  
  44  4:29  Orbital Command  
  44  4:30  SCV  
  46  4:36  Marine x2  
  48  4:42  SCV  
  48  4:44  Siege Tank  
  51  4:54  SCV  
  51  4:55  SCV  
  51  4:59  Barracks Tech Lab  
  52  5:01  Starport Tech Lab  
  52  5:06  SCV  
  53  5:07  SCV  
  53  5:11  Marine x3  
  57  5:14  Bunker  
  57  5:16  Orbital Command  
  57  5:18  Siege Tank  
  57  5:19  SCV  
  57  5:20  SCV  
  62  5:31  Banshee, SCV  
  62  5:33  SCV  
  62  5:34  Refinery  
  67  5:35  Refinery  
  67  5:42  SCV  
  68  5:43  SCV  
  68  5:45  SCV  
  70  5:54  SCV  
  70  5:55  SCV  
  70  5:56  Siege Tank  
  75  5:57  SCV  
  75  5:58  Supply Depot  
  75  6:00  Engineering Bay  
  76  6:06  SCV  
  77  6:17  Orbital Command  
  77  6:19  Banshee  
  77  6:20  SCV x2  
  82  6:26  Supply Depot  
  82  6:27  Factory, Supply Depot  
  82  6:29  Factory  
  82  6:32  SCV x2  
  84  6:42  Supply Depot  
  84  6:43  Supply Depot  
  84  6:44  SCV  
  85  6:47  Siege Tank, SCV  
  89  6:54  SCV  
  89  6:57  SCV  
  89  6:59  Refinery  
  89  7:00  SCV  
  92  7:02  Banshee, Refinery  
  92  7:04  Factory x2  
  92  7:06  SCV, Supply Depot  
  96  7:09  SCV, Command Center  
  96  7:12  SCV  
  97  7:18  SCV  
  97  7:21  SCV  
  99  7:24  SCV  
  99  7:26  Factory Tech Lab, Supply Depot  
  99  7:29  Supply Depot, Siege Tank  
  103  7:30  SCV  
  103  7:32  Factory Reactor  
  103  7:33  SCV  
  103  7:36  SCV  
  103  7:42  SCV  
  103  7:44  Missile Turret  
  104  7:45  SCV  
  104  7:48  SCV, Siege Tank  
  108  7:54  SCV  
  108  7:58  SCV  
  109  8:00  Banshee, SCV  
  109  8:02  Factory Reactor  
  109  8:03  Factory Tech Lab  
  108  8:07  SCV  
  108  8:08  Cyclone  
  108  8:10  Hellion x2, SCV  
  108  8:12  SCV  
  118  8:17  Armory  
  118  8:19  Armory, SCV  
  119  8:20  Cyclone  
  119  8:22  SCV, Supply Depot  
  119  8:24  Missile Turret, SCV  
  123  8:27  Missile Turret  
  123  8:31  SCV  
  127  8:34  SCV  
  127  8:36  SCV  
Show
View Real Time Build Order
Export as new Build Order

SortOf Zerg - Winner!

Build Orders: Pool First 

Get SALT Encoding   

  12  0:00  Drone  
  13  0:12  Overlord  
  13  0:17  Drone  
  14  0:30  Drone  
  14  0:31  Drone  
  16  0:41  Spawning Pool  
  15  0:44  Drone  
  15  0:48  Drone  
  17  0:56  Drone  
  18  1:12  Hatchery  
  18  1:15  Extractor  
  16  1:18  Drone  
  16  1:22  Drone  
  18  1:28  Zergling x2  
  19  1:33  Queen  
  21  1:43  Roach Warren  
  21  1:46  Drone  
  21  1:52  Drone  
  22  2:00  Overlord  
  22  2:17  Queen  
  24  2:24  Roach x2  
  24  2:25  Roach  
  30  2:33  Drone  
  31  2:38  Overlord  
  31  2:45  Drone  
  31  2:48  Ravager  
  31  2:51  Roach  
  35  2:55  Drone  
  36  3:00  Drone  
  37  3:06  Extractor  
  37  3:08  Roach x2  
  40  3:15  Drone  
  41  3:22  Drone x2  
  41  3:26  Overlord  
  43  3:29  Overlord  
  43  3:38  Ravager  
  44  3:44  Queen  
  44  3:45  Drone x3  
  49  3:50  Ravager  
  49  3:51  Roach  
  49  3:53  Drone  
  53  3:56  Drone  
  53  4:00  Drone  
  53  4:02  Drone  
  56  4:05  Overlord  
  56  4:09  Drone  
  57  4:13  Roach  
  60  4:17  Ravager  
  60  4:30  Overlord  
  60  4:31  Roach  
  60  4:32  Roach x3  
  60  4:38  Overlord  
  68  4:45  Lair  
  68  4:47  Overlord  
  68  4:51  Drone  
  69  4:58  Overlord  
  69  4:59  Drone x4  
  73  5:06  Evolution Chamber, Drone  
  73  5:10  Drone  
  74  5:14  Drone x2  
  74  5:15  Drone  
  77  5:25  Hatchery  
  76  5:32  Extractor  
  76  5:33  Drone x2, Extractor  
  76  5:34  Drone x3  
  76  5:35  Zerg Ground Armor Level 1  
  79  5:41  Overlord  
  79  5:42  Drone x2  
  81  5:46  Glial Reconstitution  
  81  5:50  Roach  
  83  6:02  Overlord  
  83  6:06  Overlord, Drone x2  
  83  6:08  Drone  
  83  6:09  Drone x3  
  89  6:16  Ravager  
  89  6:17  Roach x4  
  98  6:21  Overlord  
  98  6:26  Drone  
  99  6:32  Overseer  
  99  6:34  Queen  
  99  6:36  Overlord  
  99  6:38  Roach x2  
  105  6:43  Roach x4  
  113  6:48  Spore Crawler  
  110  6:55  Drone x5  
  110  7:00  Drone x2  
  116  7:03  Metabolic Boost  
  116  7:09  Overlord  
  116  7:16  Roach x6  
  116  7:22  Spore Crawler  
  127  7:24  Queen  
  127  7:26  Extractor  
  127  7:27  Roach x2, Overseer  
  132  7:37  Zergling x12  
  132  7:41  Roach x2  
  140  7:56  Roach x3  
  146  8:05  Overlord x2  
  145  8:08  Overlord  
  145  8:21  Ravager  
  145  8:23  Zergling x20  
  145  8:24  Ravager x3  
  145  8:25  Ravager x3  
  162  8:29  Zergling x4  
Tags
 
Add a new tag
Caveats
  • Supply blocks, unpowered buildings, or Contaminate may cause inaccurate times.
  • Supply counts are checked every 10 seconds.